 Dungeon Crawl Stone Soup version 0.26.1-2-gb8aa6d0cf2 (webtiles) character file.

Game seed: 15964437377284752534

86 Ladykiller69 the Slasher (level 4, -6/38 HPs)
             Began as a Minotaur Gladiator on Mar 18, 2021.
             Mangled by an orc
             ... wielding a +0 trident
              (10 damage)
             ... on level 3 of the Dungeon.
             The game lasted 00:01:43 (2282 turns).

Ladykiller69 the Slasher (Minotaur Gladiator)       Turns: 2282, Time: 00:01:43

Health: -6/38      AC:  4    Str: 20    XL:     4   Next: 26%
Magic:  3/3        EV: 13    Int:  5    God:
Gold:   53         SH:  0    Dex: 11    Spells: 3/3 levels left

rFire    . . .     SeeInvis .   a - +0 long sword
rCold    . . .     Faith    .   (no shield)
rNeg     . . .     Spirit   .   b - +0 leather armour
rPois    .         Reflect  .   c - +0 hat
rElec    .         Harm     .   (no cloak)
rCorr    .         Rampage  .   j - +0 pair of gloves
Will     .....                  (no boots)
Stlth    +.........             (no amulet)
HPRegen  0.12/turn              (no ring)
MPRegen  0.08/turn              (no ring)

@: no status effects
A: retaliatory headbutt, horns 2
a: no special abilities


You were on level 3 of the Dungeon.
You visited 1 branch of the dungeon, and saw 3 of its levels.

You collected 53 gold pieces.

Inventory:

Hand Weapons
 a - a +0 long sword (weapon)
Missiles
 d - 3 throwing nets (quivered)
 p - 14 poisoned darts
Armour
 b - a +0 leather armour (worn)
 c - a +0 hat (worn)
 j - a +0 pair of gloves (worn)
Jewellery
 m - an uncursed ring of magical power {unknown}
 n - an uncursed amulet of regeneration {unknown}
Scrolls
 f - 5 scrolls of identify {unknown}
 i - 2 scrolls of amnesia {unknown}
 l - 2 scrolls of teleportation {unknown}
Potions
 e - 2 potions of haste {unknown}
 g - a potion of curing {unknown}
 h - a potion of flight {unknown}
 k - a potion of attraction {unknown}
 o - 2 potions of lignification {unknown}


   Skills:
 + Level 3.2 Fighting
 * Level 4.8 Long Blades
 - Level 2.0 Throwing
 + Level 1.8 Armour
 + Level 3.8 Dodging


You had 3 spell levels left.
You didn't know any spells.
Your spell library was empty.

Dungeon Overview and Level Annotations

Branches:
Dungeon (3/15)

Altars:
Uskayaw


Innate Abilities, Weirdness & Mutations

You reflexively headbutt those who attack you in melee.
You have a pair of horns on your head.


Message History

You kill the orc wizard!
The orc misses you.
You have reached level 4!
You feel stronger.
You hit the orc but do no damage. The orc hits you but does no damage.
The orc hits you from afar with a +0 trident!
* * * LOW HITPOINT WARNING * * *
The orc closely misses you. You furiously retaliate!
You headbutt the orc, but do no damage.
You riposte.
You hit the orc but do no damage. You hit the orc but do no damage.
Your headbutt misses the orc.
The orc hits you from afar with a +0 trident.
* * * LOW HITPOINT WARNING * * *
The orc closely misses you. You furiously retaliate!
You headbutt the orc.
You riposte.
You completely miss the orc. Your headbutt misses the orc.
The orc is lightly wounded.
You completely miss the orc.
The orc is lightly wounded.
The orc hits you from afar with a +0 trident!
You die...

#.........#
#.........#
#..?......#
#.........####
#......... #<#
#........ #.#
#.....o.#
#.######## #o#
#........# #@#
########.# #.#
#.# #.# #.#
#.###########.#
#.............#
###############


You could see 2 orcs.

Vanquished Creatures
  An orc wizard (D:3)
  An adder (D:2)
  An ooze (D:2)
  2 worms (D:2)
  2 dart slugs
  A leopard gecko (D:2)
  2 orcs (D:3)
  3 bats
  6 hobgoblins
  A quokka (D:2)
  2 frilled lizards (D:2)
  2 goblins
  3 kobolds
  2 rats
29 creatures vanquished.

Notes
Turn   | Place    | Note
-------+----------+-------------------------------------------
     0 | D:1      | Ladykiller69 the Minotaur Gladiator began the quest for the
                  | Orb.
     0 | D:1      | Reached XP level 1. HP: 18/18 MP: 0/0
   675 | D:1      | Reached XP level 2. HP: 25/25 MP: 1/1
   679 | D:1      | Reached skill level 4 in Long Blades
  1036 | D:2      | Reached skill level 1 in Armour
  1038 | D:2      | Found a hide-covered altar of Uskayaw.
  1373 | D:2      | Reached XP level 3. HP: 24/30 MP: 2/2
  2280 | D:3      | Reached XP level 4. HP: 16/38 MP: 3/3
  2282 | D:3      | Mangled by an orc

Illustrated notes

Levels and vault maps discovered:
D:1:      dpeg_arrival_chambers_temple_mockup, layout_basic,
          chequers_serial_rivers_room_a
D:2:      layout_loops_corners, eat_drink_and_be_merry_uskayaw,
          hangedman_decor_push
D:3:      layout_basic, minmay_quantized, uniq_natasha

Skill      XL: |  1  2  3 |
---------------+----------+-----
Long Blades    | 4 |  4.8
Armour         | 1 |  1.8
Fighting       | 3 |  3.2
Throwing       | |  2.0
Dodging        | |  3.8

Action                   |  1- 3 |  4- 6 || total
-------------------------+-------+-------++-------
Melee: Long sword        |    65 |     3 ||    68
       Headbutt          |    12 |       ||    12
Armor: Leather armour    |    18 |     1 ||    19
Dodge: Dodged            |    49 |     2 ||    51
       Rpst.: Long sword |     7 |     2 ||     9
